 Dungeon Crawl Stone Soup version 0.26-a0-752-gcff87cac9a (webtiles) character file.

Game seed: 8710596577904168183

179 iamoutofideas the Firebug (level 5, -2/28 HPs)
             Began as a Gargoyle Fire Elementalist on Nov 6, 2020.
             Slain by a lemure (5 damage)
             ... led by Pikel
             ... on level 3 of the Dungeon.
             The game lasted 00:06:04 (4291 turns).

iamoutofideas the Firebug (GrFE)                    Turns: 4291, Time: 00:06:05

Health: -2/28      AC:  8    Str: 12    XL:     5   Next: 59%
Magic:  1/10       EV: 12    Int: 16    God:
Gold:   128        SH:  0    Dex: 10    Spells: 4/10 levels left

rFire    . . .     SeeInvis .   j - +3 quarterstaff (chaos)
rCold    . . .     Faith    .   (shield currently unavailable)
rNeg     + . .     Spirit   .   a - +0 robe
rPois    ∞         Reflect  .   (no helmet)
rElec    +         Harm     .   f - +0 cloak
rCorr    .         Rampage  .   (no gloves)
MR       .....                  e - +0 pair of boots
Stlth    ++........             (no amulet)
HPRegen  0.09/turn              (no ring)
MPRegen  0.12/turn              (no ring)

@: no status effects
A: negative energy resistance 1, electricity resistance, unbreathing,
petrification resistance, rot immunity, AC +4
a: no special abilities


You were on level 3 of the Dungeon.
You visited 1 branch of the dungeon, and saw 4 of its levels.

You collected 128 gold pieces.

Inventory:

Hand Weapons
 j - a +3 quarterstaff of chaos (weapon)
Armour
 a - a +0 robe (worn)
 e - a +0 pair of boots (worn)
 f - a +0 cloak (worn)
Scrolls
 c - 5 scrolls of identify
 g - a scroll of random uselessness {unknown}
 h - a scroll of enchant armour {unknown}
Potions
 b - 2 potions of lignification
 d - a potion of haste {unknown}
 i - a potion of curing {unknown}


   Skills:
 - Level 0.2 Fighting
 - Level 1.6 Dodging
 - Level 2.2 Stealth
 - Level 0.3 Unarmed Combat
 + Level 3.3 Spellcasting
 + Level 2.7 Conjurations
 + Level 4.4 Fire Magic


You had 4 spell levels left.
You knew the following spells:

 Your Spells              Type           Power        Failure   Level
a - Foxfire               Conj/Fire      ##..         4%          1
b - Fireball              Conj/Fire      ##........   75%         5

Your spell library contained the following spells:

 Spells                   Type           Power        Failure   Level
 Conjure Flame            Conj/Fire      ##......     12%         3
 Inner Flame              Hex/Fire       #.......     22%         3
 Sticky Flame             Conj/Fire      ##......     38%         4


Dungeon Overview and Level Annotations

Branches:
Dungeon (4/15)             Temple (0/1) D:4

Altars:
Ru

Annotations:
D:4 Pikel


Innate Abilities, Weirdness & Mutations

You are resistant to torment.
Your stone body is resilient. (AC +4)
You are immune to poison.
You resist negative energy. (rN+)
You are resistant to electric shocks. (rElec)
You can survive without breathing.
You are immune to petrification.
You are immune to rotting.


Message History

The lemure is moderately wounded.
The lemure hits you but does no damage.
Press: ? - help, v - describe, . - travel The floor.
You hit the lemure.
The lemure is heavily wounded.
The lemure closely misses you. The lemure hits you but does no damage.
You hit the lemure.
The lemure is poisoned.
The lemure is heavily wounded.
The lemure barely misses you.
You hit the lemure but do no damage.
The lemure is heavily wounded.
The lemure misses you.
Your magical contamination has completely faded away.
You hit the lemure. You burn the lemure.
The lemure is severely wounded.
The lemure hits you!
* * * LOW HITPOINT WARNING * * *
The lemure hits you.
You die...

.#.####..................#####...
.#.#......<###.##........# #...
.)...##....#....#........# #...
##...##.......#.#........# ##...
##...#####.##.#..........# #.)..
.#...# #.##.#([........# #....
.#...#####.##.#..........# #....
.#.........##.#..........# #....
.#..#####..##.#.@5.......# #....
##..# #..##............# #.)..
....# #..#####...####### #....
....# #..# #...# #....
#########..#####...# ##### #
#.........##### #########.#
♣♣♣♣##.......#.# .♣...)######.#.#


You could see a lemure (very poisoned).

Vanquished Creatures
  Crazy Yiuf (D:3)
  Jessica (D:3)
  4 gnolls
  An adder (D:3)
  An ooze (D:3)
  2 worms (D:3)
  3 dart slugs
  5 leopard geckos
  9 bats
  5 goblins
  6 hobgoblins
  4 jackals (D:2)
  A quokka (D:2)
  2 ball pythons
  3 frilled lizards
  9 kobolds
  4 rats
61 creatures vanquished.

Vanquished Creatures (others)
  216 foxfires
  2 plants (D:4)
218 creatures vanquished.

Grand Total: 279 creatures vanquished

Notes
Turn   | Place    | Note
-------+----------+-------------------------------------------
     0 | D:1      | iamoutofideas the Gargoyle Fire Elementalist began the
                  | quest for the Orb.
     0 | D:1      | Reached XP level 1. HP: 10/10 MP: 3/3
   155 | D:1      | Reached XP level 2. HP: 4/15 MP: 0/5
  1325 | D:1      | Reached XP level 3. HP: 19/19 MP: 4/6
  2348 | D:3      | Reached XP level 4. HP: 24/24 MP: 1/8
  2482 | D:2      | Reached skill level 4 in Fire Magic
  3297 | D:3      | Noticed Jessica
  3334 | D:3      | Killed Jessica
  3334 | D:3      | Reached XP level 5. HP: 27/28 MP: 0/9
  3879 | D:3      | Found a runed translucent door.
  3880 | D:3      | Noticed Crazy Yiuf
  3983 | D:3      | Found a sacrificial altar of Ru.
  4134 | D:3      | Killed Crazy Yiuf
  4246 | D:4      | Noticed a lemure
  4255 | D:3      | Learned a level 5 spell: Fireball
  4260 | D:4      | Found a staircase to the Ecumenical Temple.
  4260 | D:4      | Noticed a lemure
  4272 | D:4      | Noticed Pikel
  4272 | D:4      | Noticed a lemure
  4272 | D:4      | Noticed a lemure
  4291 | D:3      | Slain by a lemure

Illustrated notes

Levels and vault maps discovered:
D:1:      heliophobic_arrival_glass_houses, layout_basic, kennysheep_doodads
D:2:      layout_basic
D:3:      layout_basic, nicolae_ru_path_of_blood, uniq_jessica,
          uniq_crazy_yiuf_cottage
D:4:      layout_rooms, nicolae_overflow_crystal_walls,
          grunt_temple_overflow_open, minmay_temple_entry_junction_2,
          serial_bayou, serial_bayou_crossing, serial_bayou_pond_b,
          serial_bayou_pond_a, serial_bayou_pond_e,
          nicolae_ossuary_entry_monument, uniq_robin, uniq_natasha, uniq_pikel,
          uniq_duvessa

Skill      XL: |  1  2  3  4 |
---------------+-------------+-----
Fire Magic     | 4 |  4.4
Conjurations   | 2 |  2.7
Spellcasting   | 3 |  3.3
Fighting       | |  0.2
Dodging        | |  1.6
Stealth        | |  2.2
Unarmed Combat | |  0.3

Action                   |  1- 3 |  4- 6 || total
-------------------------+-------+-------++-------
Melee: Unarmed           |    53 |    12 ||    65
       Quarterstaff      |       |     5 ||     5
 Cast: Foxfire           |    71 |    85 ||   156
  Use: Scroll            |     1 |       ||     1
 Stab: Sleeping          |     2 |       ||     2
Armor: Robe              |    53 |    18 ||    71
Dodge: Dodged            |   116 |    56 ||   172

Table legend: (Time is in decaauts)
 A = Elapsed time spent in this place.
 B = Non-inter-level travel time spent in this place.
 C = Inter-level travel time spent in this place.
 D = Time resting spent in this place.
 E = Time spent auto-exploring this place.
 F = Levels seen in this place.
 G = Mean time per level.
                   A        B        C        D        E       F      G
               +--------+--------+--------+--------+--------+-----+--------+
         Total |   4304 |   4158 |    146 |   1172 |   2223 |   4 | 1076.0 |
       Dungeon |   4304 |   4158 |    146 |   1172 |   2223 |   4 | 1076.0 |
               +--------+--------+--------+--------+--------+-----+--------+

Top non-repeatable levels by time:
     D:2: 1480 daAuts
     D:1: 1410 daAuts
     D:3: 1387 daAuts
     D:4: 26 daAuts
